 Dungeon Crawl Stone Soup version 0.21.1-1-g345015f (webtiles) character file.

39 sking99 the Ruffian (level 3, -3/31 HPs)
             Began as a Naga Transmuter on June 21, 2018.
             Slain by a gnoll
             ... wielding a +0 flail
              (6 damage)
             ... on level 2 of the Dungeon.
             The game lasted 00:06:04 (1915 turns).

sking99 the Ruffian (Naga Transmuter)               Turns: 1915, Time: 00:06:05

Health: -3/31      AC:  2    Str: 12    XL:     3   Next: 47%
Magic:  1/6        EV: 10    Int: 14    God:
Gold:   100        SH:  0    Dex: 11    Spells: 0/6 levels left

rFire    . . .     SeeInvis +     - Unarmed
rCold    . . .     Gourm    .   (no shield)
rNeg     . . .     Faith    .   b - +0 robe
rPois    +         Spirit   .   (no helmet)
rElec    .         Reflect  .   (no cloak)
rCorr    .         Harm     .   (no gloves)
MR       .....                  (no barding)
Stlth    ++........             (no amulet)
HPRegen  0.10/turn              (no ring)
MPRegen  0.10/turn              (no ring)

@: short of breath, very slow
A: large, see invisible, deformed body, poison resistance, slowness 2, slow
metabolism 1, spit poison 1, AC +1
a: Spit Poison


You were on level 2 of the Dungeon.
You were hungry.

You visited 1 branch of the dungeon, and saw 2 of its levels.

You collected 100 gold pieces.

Inventory:

Missiles
 a - 17 arrows (quivered)
Armour
 b - a +0 robe (worn)
Scrolls
 e - a scroll of noise {unknown}
 g - a scroll of identify {unknown}
 i - a scroll of teleportation {unknown}
Potions
 f - a potion of haste {unknown}
 h - a potion of magic {unknown}
Books
 c - a book of Changes

   Spells                             Type                      Level
   a - Beastly Appendage              Transmutation                1
   b - Sticks to Snakes               Transmutation                2
   c - Spider Form                    Transmutation/Poison         3
   d - Ice Form                       Ice/Transmutation            4
   e - Blade Hands                    Transmutation                5
Comestibles
 d - 2 rations


   Skills:
 - Level 1.2 Fighting
 - Level 1.6 Dodging
 + Level 1.9 Stealth
 * Level 3.6 Unarmed Combat
 + Level 2.2 Spellcasting
 + Level 2.3 Transmutations
 + Level 0.2 Poison Magic


You couldn't memorise any spells.
You knew the following spells:

 Your Spells              Type           Power        Failure   Level  Hunger
a - Beastly Appendage     Tmut           #.....       9%          1    #......
b - Sticks to Snakes      Tmut           #.......     14%         2    ###....
c - Spider Form           Tmut/Pois      #.........   38%         3    ###....


Dungeon Overview and Level Annotations

Branches:
Dungeon (2/15)

Altars:

Annotations:
D:1 exclusion: door


Innate Abilities, Weirdness & Mutations

You cannot wear boots.
Your serpentine skin is tough. (AC +1)
You have supernaturally acute eyesight. (SInv)
Armour fits poorly on your strangely shaped body.
Your system is resistant to poisons. (rPois)
You cover ground very slowly.
You have a slow metabolism.
You can spit poison.


Message History

The gnoll hits your ball python with a flail.
Your ball python closely misses the gnoll.
Your ball python constricts the gnoll.
You hit the gnoll.
The gnoll is severely wounded.
Your ball python barely misses the gnoll.
Your ball python constricts the gnoll.
The gnoll hits you with a halberd!
* * * LOW HITPOINT WARNING * * *
The gnoll hits your ball python with a flail!
Your ball python dies!
You hit the gnoll.
You kill the gnoll!
The gnoll barely misses you.
Press: ? - help, Shift-Dir - straight line, f/p - gnoll
Aim: a gnoll, wielding a flail (heavily wounded)
The splash of poison hits the gnoll.
The gnoll is almost dead.
You feel slightly more hungry. The gnoll closely misses you.
The gnoll hits you with a flail.
You die...

......... #.#..<..#
.......# #......
#####
.>##....#######......
...[....)..#.....$..#
#####...g.)l.#......#
.......g##.###......#
####.#.@##.#.#.......
.. #..##.#.#......###
## #.......#.........
#..##.#.#.......#
#..##.#.#.......#
#.###.#.#.......# #.#
#.#.#.......#
#.###.#.##...##.#
#...............###


You could see 2 gnolls.

Vanquished Creatures
  A gnoll (D:2)
  An ooze (D:1)
  2 bats (D:1)
  2 giant cockroaches (D:1)
  6 goblins (D:1)
  4 hobgoblins (D:1)
  4 kobolds (D:1)
  6 rats (D:1)
26 creatures vanquished.

Vanquished Creatures (collateral kills)
  A goblin (D:1)
  A frilled lizard (D:1)
  A kobold (D:2)
3 creatures vanquished.

Grand Total: 29 creatures vanquished

Notes
Turn   | Place    | Note
-------+----------+-------------------------------------------
     0 | D:1      | sking99 the Naga Transmuter began the quest for the Orb.
     0 | D:1      | Reached XP level 1. HP: 18/18 MP: 3/3
   354 | D:1      | Reached skill level 1 in Stealth
   354 | D:1      | Reached XP level 2. HP: 25/25 MP: 5/5
   358 | D:1      | Learned a level 2 spell: Sticks to Snakes
   679 | D:1      | Noticed an ogre
   679 | D:1      | Noticed an ogre
   679 | D:1      | Noticed an ogre
   679 | D:1      | Noticed an ogre
  1440 | D:1      | Reached XP level 3. HP: 26/31 MP: 6/6
  1445 | D:1      | Learned a level 3 spell: Spider Form
  1915 | D:2      | Slain by a gnoll

Skill      XL: |  1 |
---------------+----+-----
Stealth        | 1 |  1.9
Fighting       | |  1.2
Dodging        | |  1.6
Unarmed Combat | |  3.6
Spellcasting   | |  2.2
Transmutations | |  2.3
Poison Magic   | |  0.2

Action                   || total
-------------------------++-------
Melee: Unarmed           ||    90
       Punch             ||     3
       Headbutt          ||     1
 Cast: Sticks to Snakes  ||     7
       Beastly Appendage ||     2
 Abil: Spit Poison       ||     5
 Stab: Sleeping          ||     1
  Eat: Chunk             ||     2
Armor: Robe              ||    11
Dodge: Dodged            ||    54
